 Dungeon Crawl Stone Soup version 0.27.0-1-g7a089689b8 (webtiles) character file.

Game seed: 2784995619367610112

8 Descartes the Gusty (level 2, -1/13 HPs)
             Began as a Spriggan Wanderer on Aug 12, 2021.
             Succumbed to an adder's poison
             ... on level 2 of the Dungeon.
             The game lasted 00:03:32 (1380 turns).

Descartes the Gusty (Spriggan Wanderer)             Turns: 1380, Time: 00:03:33

Health: -1/13      AC:  2    Str:  9    XL:     2   Next: 0%
Magic:  5/5        EV: 16    Int: 12    God:
Gold:   66         SH:  0    Dex: 14    Spells: 2/3 levels left

rFire    . . .     SeeInvis +   a - +0 dagger
rCold    . . .     Faith    .   (shield restricted)
rNeg     . . .     Spirit   .   b - +0 robe
rPois    .         Reflect  .   (helmet restricted)
rElec    .         Harm     .   (no cloak)
rCorr    .         Rampage  .   (gloves unavailable)
Will     .....                  (boots unavailable)
Stlth    ++........             (no amulet)
HPRegen  0.04/turn              (no ring)
MPRegen  0.09/turn              (no ring)

@: lethally poisoned (-1 -> -10), very quick
A: very small, no large weapons, unfitting armour, see invisible, speed 3
a: no special abilities


You were on level 2 of the Dungeon.
You visited 1 branch of the dungeon, and saw 2 of its levels.

You collected 66 gold pieces.

Inventory:

Hand Weapons
 a - a +0 dagger (weapon)
Missiles
 d - 27 stones
 e - 26 sling bullets
 h - 20 arrows
 k - 15 bolts
Armour
 b - a +0 robe (worn)
Jewellery
 i - a ring of protection from cold
Scrolls
 g - a scroll of vulnerability {unknown}
 j - a scroll of enchant weapon {unknown}
 l - 3 scrolls of noise {unknown}
Potions
 c - a potion of curing
 f - a potion of brilliance {unknown}


   Skills:
 + Level 0.7 Short Blades
 + Level 0.8(1.1) Slings
 - Level 1.0(1.1) Throwing
 + Level 1.0 Dodging
 + Level 1.2 Stealth
 - Level 1.3 Spellcasting
 - Level 1.3 Conjurations
 - Level 1.5 Summonings
 - Level 1.3 Transmutations
 - Level 1.7 Air Magic
 - Level 1.3 Evocations


You had 2 spell levels left.
You knew the following spells:

 Your Spells              Type           Power      Damage    Failure   Level
a - Beastly Appendage     Tmut           8%         N/A       17%         1

Your spell library contained the following spells:

 Spells                   Type           Power      Damage    Failure   Level
 Wereblood                Tmut           4%         N/A       26%         2
 Spider Form              Tmut/Pois      1%         N/A       54%         3
 Ice Form                 Ice/Tmut       2%         N/A       91%         4


Dungeon Overview and Level Annotations

Branches:
Dungeon (2/15)

Altars:


Innate Abilities, Weirdness & Mutations

You are very small and have problems with some larger weapons.
You are too small for most types of armour.
You have supernaturally acute eyesight. (SInv)
You cover ground extremely quickly. (Speed+++)


Message History

You hit the adder but do no damage.
The adder is heavily wounded.
The adder bites you.
You are poisoned.
The adder poisons you!
You are too injured to fight recklessly!
You are too injured to fight recklessly!
You are too injured to fight recklessly!
You are too injured to fight recklessly!
You are too injured to fight recklessly!
You are too injured to fight recklessly!
You are too injured to fight recklessly!
You are too injured to fight recklessly!
You are too injured to fight recklessly!
You are too injured to fight recklessly!
You are too injured to fight recklessly!
You are too injured to fight recklessly!
You are too injured to fight recklessly!
You are too injured to fight recklessly!
You are too injured to fight recklessly!
You are too injured to fight recklessly!
You are too injured to fight recklessly!
You completely miss the adder.
The adder is heavily wounded.
You feel sick. The adder barely misses you.
You hit the adder but do no damage.
The adder is heavily wounded.
You feel sick. The adder closely misses you. x2
You closely miss the adder.
The adder is heavily wounded.
You feel sick. The adder misses you.
You hit the adder.
The adder is severely wounded.
You feel sick. The adder bites you.
* * * LOW HITPOINT WARNING * * *
You are more poisoned.
The adder poisons you!
You hit the adder.
The adder is almost dead.
You die...

#####...# #.......# #.#
#.......# #.#.#
'.......# #.#.#
#.......# #.#.#####
#####.########.#.....##
..# #..........#......
#.# #..########..S.#
#[# #..# #...<<.@..#
#+###..###..###..#.#
....#............# #
....#.########...#
....#.# ....# ....#.#.#
###### #'#.....#
#.#.#.#.... #.#.#.# ##


You could see an adder.

Vanquished Creatures
  A ball python (D:1)
  A bat (D:1)
  A goblin (D:1)
  2 hobgoblins
  2 rats (D:1)
7 creatures vanquished.

Notes
Turn   | Place    | Note
-------+----------+-------------------------------------------
     0 | D:1      | Descartes the Spriggan Wanderer began the quest for the
                  | Orb.
     0 | D:1      | Descartes set off with the following items: a +0 dagger, a
                  | +0 robe, a potion of curing; and the following spell
                  | memorised: Beastly Appendage; and the following spells
                  | available to memorise: Wereblood, Spider Form, Ice Form
     0 | D:1      | Reached XP level 1. HP: 9/9 MP: 3/3
   431 | D:1      | Reached skill level 1 in Stealth
  1171 | D:2      | Reached skill level 1 in Dodging
  1171 | D:2      | Reached XP level 2. HP: 7/13 MP: 5/5
  1380 | D:2      | Succumbed to an adder's poison

Illustrated notes

Levels and vault maps discovered:
D:1:      evilmike_arrival_fibonacci_small, layout_basic
D:2:      layout_basic, serial_shops, shop, minmay_distorted

Skill      XL: |  1 |
---------------+----+-----
Stealth        | 1 |  1.2
Dodging        | 1 |  1.0
Short Blades   | |  0.7
Slings         | |  0.8
Throwing       | |  1.0
Spellcasting   | |  1.3
Conjurations   | |  1.3
Summonings     | |  1.5
Transmutations | |  1.3
Air Magic      | |  1.7
Evocations     | |  1.3

Action                   || total
-------------------------++-------
Melee: Dagger            ||    64
Armor: Robe              ||     9
Dodge: Dodged            ||    61
